 Dungeon Crawl Stone Soup version 0.30-a0-360-g447f08457e (webtiles) character file.

Game seed: 1303409161108230666

106 arthad the Insei (level 4, -4/29 HPs)
             Began as an Octopode Transmuter on Nov 13, 2022.
             Killed from afar by an orc wizard (9 damage)
             ... with a puff of flame
             ... on level 3 of the Dungeon.
             The game lasted 00:05:26 (2066 turns).

arthad the Insei (Octopode Transmuter)              Turns: 2066, Time: 00:05:28

Health: -4/29      AC:  1    Str:  9    XL:     4   Next: 84%
Magic:  6/7        EV: 13    Int: 17    God:
Gold:   115        SH:  0    Dex: 12    Spells: 2/8 levels left

rFire   . . .      SeeInvis .      - Unarmed
rCold   + . .      Faith    .    m - +2 buckler
rNeg    . . .      Spirit   .    (helmet currently unavailable)
rPois   .          Reflect  .    (no amulet)
rElec   .          Harm     .    p - ring of protection from cold
rCorr   .          Rampage  .    (no ring)
Will    .....                    (no ring)
Stlth   ++........               (no ring)
HPRegen 0.24/turn                (no ring)
MPRegen 0.10/turn                (no ring)
                                 (no ring)
                                 (no ring)

@: confused, lethally poisoned (-4 -> -24), appendages, hasted, very quick
A: tentacle spike 3, almost no armour, amphibious, 8 rings, camouflage 1,
gelatinous body 1, (nimble swimmer 1), tentacles
a: End Transformation


You were on level 3 of the Dungeon.
One of your tentacles had grown a beastly spike.
You visited 1 branch of the dungeon, and saw 3 of its levels.

You collected 115 gold pieces.

Inventory:

Hand Weapons
 k - a +1 dagger of pain
Missiles
 b - 9 poisoned darts
 l - 3 boomerangs
Armour
 j - +0 gold dragon scales
 m - a +2 buckler (worn)
Jewellery
 p - a ring of protection from cold (left tentacle)
Scrolls
 c - a scroll of magic mapping {unknown}
 e - 7 scrolls of identify {unknown}
 f - a scroll of blinking {unknown}
Potions
 a - 4 potions of lignification
 d - a potion of flight {unknown}
 g - a potion of haste
 h - a potion of curing {unknown}
 i - a potion of might {unknown}
 n - a potion of ambrosia {unknown}
 o - a potion of heal wounds
 q - a potion of invisibility {unknown}


   Skills:
 + Level 2.1 Fighting
 + Level 2.7 Dodging
 + Level 3.6 Unarmed Combat
 + Level 2.6 Spellcasting
 + Level 2.7 Transmutations


You had 2 spell levels left.
You knew the following spells:

 Your Spells              Type           Power      Damage    Failure   Level
a - Beastly Appendage     Tmut           22%        N/A       9%          1
b - Wereblood             Tmut           11%        N/A       12%         2
c - Spider Form           Tmut/Pois      6%         N/A       38%         3

Your spell library contained the following spells:

 Spells                   Type           Power      Damage    Failure   Level
 Freeze                   Ice            8%         1d3       26%         1
 Frozen Ramparts          Ice            4%         1d1       58%         3
 Hailstorm                Conj/Ice       2%         3d3       58%         3
 Ice Form                 Ice/Tmut       6%         N/A       80%         4


Dungeon Overview and Level Annotations

Branches:
Dungeon (3/15)

Altars:

Annotations:
D:3 2 transporters, oldmanjim's ghost, amateur AtAr


Innate Abilities, Weirdness & Mutations

One of your tentacles has grown a beastly spike.
You cannot wear most types of armour.
You are amphibious.
You can wear up to eight rings at the same time.
Your skin changes colour to match your surroundings (Stealth+).
Your rubbery body absorbs attacks. (AC +1, EV +1)
((You are camouflaged when in or above water. (Stealth+)))
You have tentacles for arms and can constrict up to eight enemies at once.


Message History

The hobgoblin hits you but does no damage.
You tentacle-slap the hobgoblin but do no damage.
The hobgoblin is severely wounded.
You constrict the hobgoblin.
You kill the hobgoblin!
You tentacle-slap the orc. You grab the orc.
The orc is moderately wounded.
You constrict the orc. The orc closely misses you. The orc misses you.
You tentacle-slap the orc.
The orc is severely wounded.
You constrict the orc.
You kill the orc!
You hear some strange, mumbled words.
Something tries to affect you, but you resist.
Casting: Beastly Appendage (safe; 9% risk of failure)
Press: ? - help, Q - select action, (/) - cycle Dir - look around, f - activate One of your tentacles grows a vicious spike.
The orc throws a boomerang.
The boomerang misses you.
You hear some strange, mumbled words.
You are confused.
Something hits you.
You are poisoned.
You closely miss something.
You feel very sick. Something hits you.
You are more poisoned.
You miss something.
Your tentacle spike misses something.
Your squeeze misses something.
You feel very sick. The orc hits you with a +0 hand axe. Something hits you.
You are more poisoned.
You are too confused!
It was a potion of haste.
You feel yourself speed up.
* * * LOW HITPOINT WARNING * * *
You feel very sick. The orc closely misses you.
You hear some strange, mumbled words.
A puff of flame appears from out of thin air!
The puff of flame hits you!
You die...

##...## #>>.....# ##.....##
#.##..#.# ##.......##
#.#..##.#
...####.........###....##.##
..>...'.........+...........
...####.........##.........#
##.....#.#.#.#...###.#
##...........#### #.#
##.@.#.#.#.# #.# ##{o†......
..# #.##.#<#.# ### ... ...
##.# #.# ... ## ... ....


You could see an orc.

Vanquished Creatures
  Robin (D:3)
  An adder (D:2)
  A dart slug (D:2)
  An orc (D:3)
  2 ball pythons (D:3)
  5 bats
  5 endoplasms
  2 giant cockroaches
  17 goblins
  12 hobgoblins
  7 jackals (D:1)
  6 quokkas
  2 frilled lizards
  3 kobolds
  5 rats
70 creatures vanquished.

Vanquished Creatures (others)
  A fungus (D:3)
1 creature vanquished.

Grand Total: 71 creatures vanquished

Notes
Turn   | Place    | Note
-------+----------+-------------------------------------------
     0 | D:1      | arthad the Octopode Transmuter began the quest for the Orb.
     0 | D:1      | Reached XP level 1. HP: 13/13 MP: 3/3
    55 | D:1      | Reached XP level 2. HP: 18/18 MP: 3/5
   443 | D:1      | Reached XP level 3. HP: 11/23 MP: 4/6
   452 | D:1      | Learned a level 2 spell: Wereblood
   456 | D:1      | Learned a level 3 spell: Spider Form
  1029 | D:2      | Reached XP level 4. HP: 23/29 MP: 7/7
  1438 | D:3      | Found a transporter.
  1453 | D:3      | Found a transporter.
  1728 | D:3      | Noticed Robin
  1741 | D:3      | Killed Robin
  1991 | D:3      | Noticed oldmanjim's ghost (amateur AtAr)
  2066 | D:3      | Killed from afar by an orc wizard

Illustrated notes

Levels and vault maps discovered:
D:1:      saegor_arrival_simple_a, layout_basic, chequers_serial_rivers_micro_a,
          hex_tiny
D:2:      layout_basic, grunt_ministairs_8, minmay_split_cup_large
D:3:      layout_loops_corners, gammafunk_ghost_arena, st_stairs_8,
          minmay_ogre_servants, uniq_robin, uniq_crazy_yiuf_cottage

Skill      XL: |  1  2  3  4 |
---------------+-------------+-----
Fighting       | 2 |  2.1
Dodging        | |  2.7
Unarmed Combat | |  3.6
Spellcasting   | |  2.6
Transmutations | |  2.7

Action                   |  1- 3 |  4- 6 || total
-------------------------+-------+-------++-------
Melee: Unarmed           |   101 |    76 ||   177
       Constrict         |    25 |    19 ||    44
       Kick              |    17 |     7 ||    24
       Tentacles         |    18 |     8 ||    26
       Punch             |     2 |     1 ||     3
 Cast: Beastly Appendage |    10 |     6 ||    16
       Spider Form       |       |     1 ||     1
  Use: Potion            |     1 |     1 ||     2
 Stab: Sleeping          |     1 |     4 ||     5
Armor: Skin              |    10 |     5 ||    15
Dodge: Dodged            |    89 |    35 ||   124
Block: Buckler           |       |     7 ||     7

Table legend: (Time is in decaauts)
 A = Elapsed time spent in this place.
 B = Non-inter-level travel time spent in this place.
 C = Inter-level travel time spent in this place.
 D = Time resting spent in this place.
 E = Time spent auto-exploring this place.
 F = Levels seen in this place.
 G = Mean time per level.
                   A        B        C        D        E       F      G
               +--------+--------+--------+--------+--------+-----+--------+
         Total |   2056 |   2026 |     30 |     60 |   1487 |   3 |  685.3 |
       Dungeon |   2056 |   2026 |     30 |     60 |   1487 |   3 |  685.3 |
               +--------+--------+--------+--------+--------+-----+--------+

Top non-repeatable levels by time:
     D:2: 708 daAuts
     D:3: 674 daAuts
     D:1: 673 daAuts
